 Dungeon Crawl Stone Soup version 0.21.1-1-g345015f (webtiles) character file.

27468 masayah the Tortoise (level 13, -4/102 HPs)
             Began as a Deep Dwarf Fighter on June 14, 2018.
             Was an Elder of Makhleb.
             Killed from afar by a raiju (13 damage)
             ... with a living lightning
             ... on level 3 of the Abyss on June 15, 2018.
             The game lasted 01:32:46 (11679 turns).

masayah the Tortoise (Deep Dwarf Fighter)          Turns: 11679, Time: 01:32:46

Health: -4/102     AC: 25    Str: 22 (23) XL:     13   Next: 4%
Magic:  7/7        EV: 14    Int:  6 (7)  God:    Makhleb [****..]
Gold:   1149       SH: 10    Dex: 14      Spells: 12/12 levels left

rFire    . . .     SeeInvis .   a - +1 war axe
rCold    . . .     Gourm    +   c - +1 shield
rNeg     . . .     Faith    .   C - +3 chain mail
rPois    .         Spirit   .   (no helmet)
rElec    .         Reflect  .   s - +0 cloak
rCorr    .         Harm     .   J - +2 pair of gloves
MR       +....                  l - +1 pair of boots
Stlth    ..........             u - amulet of the gourmand
HPRegen  0.00/turn              B - +6 ring of evasion
MPRegen  0.10/turn              y - +4 ring of slaying

@: non-regenerating
A: damage resistance, heal wounds, deterioration 1, dopey 1, low mp 1, sense
surroundings 2, no potion heal 1, no regeneration
a: Heal Wounds, Minor Destruction, Lesser Servant of Makhleb, Major Destruction,
Renounce Religion


You were on level 3 of the Abyss.
You worshipped Makhleb.
Makhleb was greatly pleased with you.
You were not hungry.

You visited 3 branches of the dungeon, and saw 17 of its levels.
You visited the Abyss 1 time.

You collected 1149 gold pieces.

Inventory:

Hand Weapons
 a - a +1 war axe (weapon)
 v - the +2 mace of Pandemonium {holy, -Tele rN++ Int+7}
   (You found it on level 8 of the Dungeon)

   It has been blessed by the Shining One to cause great damage to the undead
   and demons.
   It affects your intelligence (+7).
   It greatly protects you from negative energy.
   It prevents most forms of teleportation.
 x - the +10 mace "Oqeus" {antimagic, *Corrode MR+++ Dex+3}
   (You found it on level 4 of the Dungeon)

   It reduces the magical energy of the wielder, and disrupts the spells and
   magical abilities of those hit.
   Natural abilities and divine invocations are not affected.
   It affects your dexterity (+3).
   It affects your resistance to hostile enchantments.
   It may corrode you when you take damage.
Armour
 c - a +1 shield (worn)
 l - a +1 pair of boots (worn)
 s - a +0 cloak (worn)
 C - a +3 chain mail (worn)
 J - a +2 pair of gloves (worn)
 R - a +0 chain mail of fire resistance
Jewellery
 b - an uncursed ring of ice
 e - an uncursed ring of poison resistance
 u - an amulet of the gourmand (around neck)
 y - a +4 ring of slaying (right hand)
 B - a +6 ring of evasion (left hand)
 S - an uncursed ring of see invisible {unknown}
Wands
 h - a wand of clouds (4)
 o - a wand of flame (136)
 q - a wand of acid (16)
 t - a wand of polymorph (17)
 F - a wand of iceblast (2)
 K - a wand of enslavement (11)
 L - a wand of paralysis (24)
 M - a wand of disintegration (14)
 O - a wand of digging (13)
Scrolls
 j - 6 scrolls of teleportation
 k - 3 scrolls of fear
 p - 2 scrolls of magic mapping
 r - 6 scrolls of fog
 A - 12 scrolls of remove curse
 D - 2 scrolls of enchant weapon
 I - 4 scrolls of amnesia
 P - a scroll of immolation {unknown}
 Q - 2 scrolls of identify
Potions
 d - 2 potions of might
 g - a potion of heal wounds
 i - a potion of resistance
 m - 3 potions of cancellation
 n - 3 potions of magic
 w - 7 potions of brilliance
 z - 4 potions of lignification
 E - 2 potions of agility
 G - 6 potions of curing
 H - 5 potions of ambrosia
 N - a potion of mutation {unknown}
Comestibles
 f - 31 rations


   Skills:
 - Level 2.6 Fighting
 - Level 15.9(16.0) Axes
 - Level 1.9(10.1) Maces & Flails
 + Level 16.5 Armour
 - Level 2.6 Dodging
 - Level 1.1 Stealth
 - Level 3.2 Shields
 + Level 0.1 Invocations


You had 12 spell levels left.
You didn't know any spells.

Dungeon Overview and Level Annotations

Branches:
Dungeon (14/15)            Temple (1/1) D:4            Lair (0/6) D:11
    Orc (2/2) D:9          Vaults (0/5) D:13
    Elf: Orc:2

Altars:
Ashenzari
Cheibriados
Dithmenos
Elyvilon
Fedhas
Gozag
Hepliaklqana
Kikubaaqudgha
Makhleb
Nemelex Xobeh
Okawaru
Qazlal
Ru
Sif Muna
Trog
Uskayaw
Vehumet
Wu Jian
Xom
Yredelemnul
Zin
The Shining One

Shops:
D:10 :=[

Annotations:
D:13 exclusion: ice statue
D:14 Louise


Innate Abilities, Weirdness & Mutations

You are resistant to damage.
You can heal yourself by infusing magical energy.
You passively map the area around you.
You do not regenerate.
Your body sometimes deteriorates upon taking damage.
You are dopey. (Int -2)
Your magical capacity is low. (-10% MP)
Potions are less effective at restoring your health.


Message History

You block the raiju's attack.
You hit the raiju but do no damage.
The raiju is heavily wounded.
You barely miss the raiju.
You hit the large abomination but do no damage.
The raiju bursts into living lightning!
The living lightning misses you. The living lightning hits you!
* * * LOW HITPOINT WARNING * * *
Your body deteriorates!
You feel dopey.
The raiju blinks! x2; The raiju bites you!
* * * LOW HITPOINT WARNING * * *
The raiju shocks you!
* * * LOW HITPOINT WARNING * * *
You block the large abomination's attack.
You fail to use your ability.
The raiju bursts into living lightning!
The living lightning hits you!
The living lightning misses the raiju.
The living lightning hits the raiju.
The raiju completely resists.
The living lightning hits you!
You die...

#......... . .# .
......... . ... .
........ .. .#.
... ##.#..h.. . #
. .+
...##.###...##
.#. .# #
.....#.....#....
.. +
#.h...hh......##
+ #.h..X@.....#
..'
#..#..h......# #
# +#
#....##.....#..##
. ....##
.##...###.#. ..
.. ..# . .#.....
.....### . . .
#........ .#.# .
......)... . ## #
..#.......... .
.. ######.##..
#... .


You could see a large abomination and 6 raiju.

Vanquished Creatures
  Kirke (D:13)
  Snorg (D:11)
  A hydra (D:13)
  Erolcha (D:10)
  3 centaur warriors
  2 two-headed ogres
  2 dancing weapons (D:13)
  4 tengu warriors (D:13)
  2 ugly things
  4 harpies (D:13)
  2 deep elf magi
  An elephant (D:11)
  The ghost of kae the Insei, a novice DsTm (D:4)
  2 trolls
  A blink frog (shapeshifter) (D:14)
  3 raiju (Abyss:3)
  3 hippogriffs
  A centaur simulacrum (D:14)
  2 shadows
  Sigmund (D:2)
  A wraith (D:13)
  2 steam dragons
  A basilisk (D:11)
  16 yaks
  3 hungry ghosts
  A neqoxec (Abyss:3)
  A warg (Orc:1)
  Menkaure (D:4)
  An acid dragon (D:14)
  2 insubstantial wisps (D:11)
  An ice beast (D:11)
  A hornet zombie (D:12)
  5 sky beasts
  11 orc warriors
  An eye of draining (D:13)
  3 phantoms
  A centaur (D:13)
  2 ogres
  A crocodile (D:11)
  2 big kobolds
  6 bullfrogs
  A wyvern skeleton (D:12)
  A scorpion (D:10)
  3 killer bees (D:12)
  6 howler monkeys
  An electric eel (D:9)
  5 crimson imps
  3 centaur zombies
  3 jellies
  2 quasits
  7 hounds
  Crazy Yiuf (D:3)
  10 orc priests
  A centaur skeleton (D:4)
  Ijyb (D:4)
  2 bullfrog skeletons
  5 iguanas
  Terence (D:2)
  11 orc wizards
  11 worker ants
  2 hound zombies
  3 hound skeletons
  3 worker ant zombies
  3 gnolls (D:5)
  15 adders
  6 shadow imps
  4 oozes
  An adder skeleton (D:4)
  An adder zombie (D:5)
  3 worms
  2 leopard geckos
  62 orcs
  6 bats
  4 giant cockroaches
  6 goblins
  8 hobgoblins
  10 jackals
  18 kobolds
  6 quokkas
  A ball python (D:2)
  5 frilled lizards
  A leopard gecko skeleton (D:4)
  9 rats
355 creatures vanquished.

Vanquished Creatures (collateral kills)
  A hydra (D:14)
1 creature vanquished.

Vanquished Creatures (others)
  3 humans (D:13)
  An ufetubus (D:13)
4 creatures vanquished.

Grand Total: 360 creatures vanquished

Notes
Turn   | Place    | Note
-------+----------+-------------------------------------------
     0 | D:1      | masayah the Deep Dwarf Fighter began the quest for the Orb.
     0 | D:1      | Reached XP level 1. HP: 20/20 MP: 1/1
   202 | D:1      | Reached XP level 2. HP: 25/27 MP: 2/2
   583 | D:2      | Reached XP level 3. HP: 26/33 MP: 3/3
   820 | D:2      | Noticed Terence
   836 | D:2      | Killed Terence
   836 | D:2      | Reached XP level 4. HP: 40/40 MP: 4/4
   845 | D:2      | Reached skill level 5 in Axes
   912 | D:2      | Noticed Sigmund
   955 | D:2      | Killed Sigmund
   955 | D:2      | Reached skill level 1 in Dodging
   955 | D:2      | Reached XP level 5. HP: 32/46 MP: 5/5
  1097 | D:2      | Reached XP level 6. HP: 55/55 MP: 6/6
  1889 | D:3      | Found a runed door.
  1894 | D:3      | Noticed Crazy Yiuf
  1903 | D:3      | Killed Crazy Yiuf
  2221 | D:4      | Noticed Ijyb
  2234 | D:4      | Killed Ijyb
  2433 | D:4      | Reached XP level 7. HP: 49/61 MP: 7/7
  2470 | D:4      | Got a slimy mace
  2658 | D:4      | Noticed Menkaure
  2716 | D:5      | Entered Level 5 of the Dungeon
  2992 | D:4      | Killed Menkaure
  3090 | D:4      | Noticed kae's ghost (novice DsTm)
  3119 | D:4      | Killed kae's ghost
  3119 | D:4      | Reached skill level 10 in Axes
  3119 | D:4      | Reached skill level 1 in Stealth
  3119 | D:4      | Reached XP level 8. HP: 40/68 MP: 8/8
  3131 | D:4      | Found a staircase to the Ecumenical Temple.
  3145 | Temple   | Entered the Ecumenical Temple
  3252 | D:4      | Found an ornate altar of the Wu Jian Council.
  3322 | D:4      | Found a sacrificial altar of Ru.
  3331 | D:4      | Found a blossoming altar of Fedhas.
  3343 | D:4      | Found a hide-covered altar of Uskayaw.
  3743 | D:6      | Found a sacrificial altar of Ru.
  3956 | D:6      | Found a basalt altar of Yredelemnul.
  3965 | D:6      | Found a radiant altar of Vehumet.
  4242 | D:6      | Found a burning altar of Makhleb.
  4252 | D:6      | Became a worshipper of Makhleb the Destroyer
  4534 | D:7      | Gained mutation: You passively map the area around you. [Deep Dwarf growth]
  4534 | D:7      | Reached XP level 9. HP: 53/74 MP: 8/8
  4581 | D:7      | Identified the +10 mace "Oqeus" {antimagic, *Corrode MR+++ Dex+3} (You found it on level 4 of the Dungeon)
  4655 | D:7      | Reached skill level 1 in Maces & Flails
  4655 | D:7      | Reached skill level 4 in Armour
  5084 | D:8      | Got a pitted mace
  5085 | D:8      | Identified the +2 mace of Pandemonium {holy, -Tele rN++ Int+7} (You found it on level 8 of the Dungeon)
  5279 | D:8      | Found a sparkling altar of Nemelex Xobeh.
  5374 | D:8      | Found a shadowy altar of Dithmenos.
  5871 | D:9      | Reached * piety under Makhleb
  5933 | D:9      | Found a bloodstained altar of Trog.
  6098 | D:9      | Reached skill level 5 in Armour
  6488 | D:9      | Reached ** piety under Makhleb
  6536 | D:9      | Found a staircase to the Orcish Mines.
  6561 | Orc:1    | Entered Level 1 of the Orcish Mines
  6563 | Orc:1    | Found a shimmering altar of Xom.
  6983 | Orc:2    | Entered Level 2 of the Orcish Mines
  6983 | Orc:2    | Noticed an orc warlord
  7085 | D:10     | Entered Level 10 of the Dungeon
  7085 | D:10     | Found Toacar's Weapon Emporium.
  7125 | D:10     | Reached skill level 6 in Armour
  7125 | D:10     | Reached XP level 10. HP: 47/81 MP: 8/8
  7266 | D:10     | Found Viothruf's Jewellery Boutique.
  7267 | D:10     | Found Vulyph's Book Shop.
  7299 | D:10     | Found Sigiax's Antique Armour Boutique.
  7527 | D:10     | Noticed a two-headed ogre
  7540 | D:10     | Killed a two-headed ogre
  7548 | D:10     | Reached skill level 15 in Axes
  7552 | D:10     | Reached *** piety under Makhleb
  7573 | D:10     | Reached skill level 7 in Armour
  7755 | D:11     | Found a staircase to the Lair.
  7755 | D:11     | Noticed an elephant
  7778 | D:11     | Killed an elephant
  7860 | D:11     | Noticed Erolcha
  7880 | D:10     | Killed Erolcha
  7880 | D:10     | Reached XP level 11. HP: 51/88 MP: 9/9
  7894 | D:11     | Reached skill level 8 in Armour
  8059 | D:11     | Found a basalt altar of Yredelemnul.
  8063 | D:11     | Noticed Snorg
  8082 | D:11     | Killed Snorg
  8082 | D:11     | Reached skill level 9 in Armour
  8215 | D:11     | Reached **** piety under Makhleb
  8288 | D:11     | Reached skill level 10 in Armour
  9141 | D:12     | Noticed a purple ugly thing
  9176 | D:12     | Killed a purple ugly thing
  9176 | D:12     | Reached skill level 11 in Armour
  9309 | D:12     | Found an opulent altar of Gozag.
  9508 | D:13     | Noticed a deep elf mage
  9517 | D:13     | Killed a deep elf mage
  9608 | D:13     | Noticed a six-headed hydra
  9618 | D:13     | Killed a six-headed hydra
  9618 | D:13     | Reached skill level 12 in Armour
  9629 | D:13     | Found a hazy altar of Hepliaklqana.
  9656 | D:13     | Noticed Kirke
  9669 | D:13     | Noticed a lindwurm
  9674 | D:13     | Killed Kirke
  9886 | D:13     | Noticed a centaur warrior
  9909 | D:13     | Killed a centaur warrior
  9909 | D:13     | Reached skill level 13 in Armour
  9909 | D:13     | Reached XP level 12. HP: 80/96 MP: 10/10
 10080 | D:13     | Noticed a tengu warrior
 10099 | D:13     | Killed a tengu warrior
 10122 | D:13     | Noticed a tengu warrior
 10154 | D:13     | Killed a tengu warrior
 10159 | D:13     | Found a gate to the Vaults.
 10186 | D:13     | Noticed a two-headed ogre
 10190 | D:13     | Reached skill level 14 in Armour
 10255 | D:13     | Noticed a centaur warrior
 10268 | D:13     | Killed a centaur warrior
 10323 | D:13     | Noticed a tengu warrior
 10342 | D:13     | Killed a tengu warrior
 10345 | D:13     | Noticed a tengu warrior
 10368 | D:13     | Killed a tengu warrior
 10368 | D:13     | Reached skill level 15 in Armour
 10753 | D:13     | Killed a two-headed ogre
 11254 | D:14     | Reached skill level 16 in Armour
 11345 | D:14     | Noticed a centaur warrior
 11348 | D:14     | Noticed a four-headed hydra
 11359 | D:14     | Killed a centaur warrior
 11376 | D:14     | Killed a four-headed hydra
 11376 | D:14     | Reached XP level 13. HP: 35/102 MP: 3/10
 11550 | D:14     | Noticed Louise
 11590 | D:14     | Cast into level 3 of the Abyss (Louise)
 11657 | Abyss:3  | Gained mutation: Your body sometimes deteriorates upon taking damage. [a neqoxec]
 11665 | Abyss:3  | Gained mutation: Potions are less effective at restoring your health. [a neqoxec]
 11668 | Abyss:3  | Gained mutation: Your magical capacity is low. (-10% MP) [a neqoxec]
 11672 | Abyss:3  | Gained mutation: You are dopey. (Int -2) [a neqoxec]
 11679 | Abyss:3  | Killed from afar by a raiju

Skill      XL: |  1  2  3  4  5  6  7  8  9 10 11 12 |
---------------+-------------------------------------+-----
Axes           | 3 4 6 8 10 12 13 15 | 15.9
Dodging        | 1 2 |  2.6
Stealth        | 1 |  1.1
Maces & Flails | 1 |  1.9
Armour         | 6 7 13 16 | 16.5
Fighting       | |  2.6
Shields        | |  3.2
Invocations    | |  0.1

Action                   |  1- 3 |  4- 6 |  7- 9 | 10-12 | 13-15 || total
-------------------------+-------+-------+-------+-------+-------++-------
Melee: War axe           |   114 |   205 |   493 |   641 |    55 ||  1508
       Mace              |       |       |     1 |    28 |     3 ||    32
Invok: Lesser Servant of |       |       |       |     1 |       ||     1
 Abil: Heal Wounds       |     1 |     5 |    12 |     5 |     7 ||    30
  Use: Scroll            |       |    13 |     6 |     5 |       ||    24
       Potion            |       |       |     2 |     2 |       ||     4
  Eat: Chunk             |       |     5 |    14 |    24 |       ||    43
       Ration            |       |       |     2 |       |       ||     2
Armor: Scale mail        |    59 |    72 |    93 |       |       ||   224
       Chain mail        |       |       |    49 |   326 |    27 ||   402
Dodge: Dodged            |    34 |    60 |   133 |   274 |    42 ||   543
Block: Shield            |    55 |    86 |   191 |   340 |    36 ||   708
